Cogmind - Beta 11 @@@ ROGUE MODE // 2022.04.02 @ 13:44:41 Player: Turbografx16 Result: Self-destructed Performance ------------- Evolutions (1) 500 Regions Visited (3) 600 Robots Destroyed (30) 150 Value Destroyed (716) 716 Prototype IDs (2) 40 Alien Tech Used (0) 0 Bonus (0) 0 TOTAL SCORE: 2006 Bonus ------- None Cogmind --------- Core Integrity 325/400 Matter 290/300 Energy 84/100 System Corruption 0% Temperature Cool (0) Movement Treading (160) Location -9/Materials Parts ------- > --- POWER (1) -------- (None) > --- PROPULSION (3) --- Light Treads Light Treads Improved Treads > --- UTILITY (3) ------ Medium Storage Unit Sensor Array > --- WEAPON (2) ------- Advanced Beam Cannon Makeshift Shrapnel Gun > --- INVENTORY (10) --- Hover Unit Improved Heat Sink Weight Redist. System Sensor Array Advanced Beam Cannon Advanced Beam Cannon Shotgun Mini Grenade Launcher Mini Grenade Launcher Datajack Peak State ------------ > --- POWER ------------ (None) > --- PROPULSION ------- Light Treads Light Treads Improved Treads > --- UTILITY ---------- Medium Storage Unit Sensor Array Hacking Suite > --- WEAPON ----------- Advanced Beam Cannon Makeshift Shrapnel Gun > --- INVENTORY -------- Hover Unit Improved Heat Sink Weight Redist. System Sensor Array Advanced Beam Cannon Advanced Beam Cannon Shotgun Mini Grenade Launcher Mini Grenade Launcher Datajack [Rating: 18] Favorites ----------- Power Light Ion Engine Engine Light Ion Engine Propulsion Aluminum Leg Treads Light Treads Leg Aluminum Leg Utility Medium Storage Unit Device Sensor Array Storage Medium Storage Unit Processor Transport Network Coupler Hackware Hacking Suite Weapon Shotgun Energy Gun EM Pulse Gun Energy Cannon Advanced Beam Cannon Ballistic Gun Shotgun Build | -11 -10 -10 -9 ------- Run | Scr Mat Min Mat Slots Evolved 2 | . . . 2 Power . | . . . . Propulsion 1 | . . . 1 Utility 1 | . . . 1 Weapon . | . . . . Parts Attached 21 | . 11 4 6 Power 1 | . 1 . . Engine 1 | . 1 . . Core . | . . . . Reactor . | . . . . Propulsion 5 | . . 2 3 Treads 3 | . . . 3 Leg 2 | . . 2 . Wheel . | . . . . Hover . | . . . . Flight . | . . . . Utility 7 | . 4 1 2 Device 3 | . 2 . 1 Storage 2 | . 1 1 . Processor 1 | . 1 . . Hackware 1 | . . . 1 Protection . | . . . . Artifact . | . . . . Weapon 8 | . 6 1 1 Energy Gun 2 | . 2 . . Energy Cannon 1 | . . . 1 Ballistic Gun 5 | . 4 1 . Ballistic Cannon . | . . . . Launcher . | . . . . Special Weapon . | . . . . Impact Weapon . | . . . . Slashing Weapon . | . . . . Piercing Weapon . | . . . . Special Melee Weapon . | . . . . Unidentified Prototypes 2 | . . . 2 Parts Lost 5 | . 2 . 3 Power 3 | . 1 . 2 Propulsion . | . . . . Utility 1 | . . . 1 Weapon 1 | . 1 . . Highest Loss Streak 2 | . 2 . 1 To Critical Strikes . | . . . . Average Slot Usage (%) 93 | . 97 100 79 Engine 10 | . 14 14 1 Treads 7 | . . . 24 Leg 21 | . 28 28 6 Device 10 | . 3 14 12 Storage 13 | . 14 14 11 Processor 2 | . 8 . . Energy Gun 4 | . 14 . . Energy Cannon 1 | . . . 3 Ballistic Gun 20 | . 13 28 18 Naked Turns . | . . . . Heaviest Build 20 | 11 20 20 19 Greatest Support 63 | 20 20 20 63 Greatest Overweight (x) . | . . . . Average Overweight (x) . | . . . . Largest Inventory Capacity 10 | 8 10 10 10 Average Capacity 9 | 8 9 10 10 Most Carried 10 | 6 10 10 10 Average Carried 9 | 6 8 10 9 Final Capacity 10 | 8 10 10 10 Final Carried 10 | 6 10 10 10 Class Distribution -------------------- 100% | Mutant Dominant Class ---------------- Mutant | -10/Materials Mutant | -10/Mines Mutant | -9/Materials Resources | -11 -10 -10 -9 ----------- Run | Scr Mat Min Mat Matter Collected 712 | 200 93 127 292 Remotely . | . . . . Salvage Created 944 | . 410 143 391 Parts 57 | . 27 11 19 Haulers Intercepted 4 | . 2 . 2 Recyclers Shooed 1 | . . . 1 Parts Field Recycled . | . . . . Retrieved Matter . | . . . . Parts Self-Destructed . | . . . . Prevented . | . . . . Kills | -11 -10 -10 -9 ------- Run | Scr Mat Min Mat Combat Hostiles Destroyed 25 | . 9 7 9 Guns 20 | . 7 7 6 Cannons 3 | . . . 3 AOE 2 | . 2 . . Classes Destroyed 6 | . 3 . 3 Hauler 4 | . 2 . 2 Operator 1 | . . . 1 Swarmer 11 | . 3 5 3 Grunt 12 | . 6 2 4 Duelist 1 | . . . 1 Sentry 1 | . . . 1 Best Kill Streak 5 | . 5 3 4 Combat Bots Only 5 | . 5 3 4 Max Kills in Single Turn 2 | . 2 2 1 Gunslinging 1 | . . 1 . Exploded 1 | . 1 . . Melee . | . . . . Uniques/NPCs Destroyed . | . . . . Combat | -11 -10 -10 -9 -------- Run | Scr Mat Min Mat Damage Taken 820 | . 311 141 368 Core 103 | . 19 9 75 Absorbed by Shields . | . . . . Core Remaining (%) 94 | 100 . 88 . Volleys Fired 62 | . 22 13 27 Largest 2 | . 2 2 2 Hottest 92 | . 80 46 92 Shots Fired 121 | . 41 26 54 Gun 111 | . 41 26 44 Cannon 10 | . . . 10 Launcher . | . . . . Special . | . . . . Kinetic 80 | . 10 26 44 Thermal 10 | . . . 10 Explosive . | . . . . Electromagnetic 31 | . 31 . . Robot Hit Streak 9 | . 9 5 7 Robot Miss Streak 6 | . 2 6 4 Penetration Max . | . . . . Secondary Targets 3 | . . 1 2 Max Gunslinging Chain 1 | . . 1 1 Shots Hit Robots 85 | . 29 18 38 Core Hits 54 | . 18 12 24 Critical Kills 1 | . . . 1 Critical Parts Destroyed . | . . . . Critical Strikes 1 | . . . 1 Meltdown 1 | . . . 1 Melee Attacks . | . . . . Impact . | . . . . Slashing . | . . . . Piercing . | . . . . Sneak Attacks . | . . . . Combat Hostiles . | . . . . Follow-up Attacks . | . . . . Damage Inflicted 1362 | . 443 238 681 Guns 1112 | . 347 232 533 Cannons 145 | . . . 145 Explosions 96 | . 96 . . Melee . | . . . . Ramming 9 | . . 6 3 Kinetic 825 | . 60 232 533 Thermal 241 | . 96 . 145 Explosive . | . . . . Electromagnetic 287 | . 287 . . Impact . | . . . . Slashing . | . . . . Piercing . | . . . . Highest Corruption . | . . . . Average Corruption . | . . . . Corruption Purged . | . . . . Corruption Blocked . | . . . . Overload Shots . | . . . . Overflow Damage . | . . . . Projectiles . | . . . . Explosions . | . . . . Melee . | . . . . Knockbacks . | . . . . Impact . | . . . . Kinetic . | . . . . Secondary . | . . . . Self-Inflicted Damage 36 | . 36 . . Shots 1 | . 1 . . Rammed 1 | . . . 1 Targets Rammed 4 | . . 3 1 Kicked 3 | . . 3 . Crushed . | . . . . Highest Temperature 206 | . 206 4 57 Average Temperature 52 | . 65 2 26 Received Heat Transfer 213 | . 123 24 66 Effects 3 | . 3 . . Interference 3 | . 3 . . Siege Activations . | . . . . Robots Corrupted . | . . . . Combat Hostiles . | . . . . Parts Fried . | . . . . Impact Corruptions . | . . . . Robots Melted 1 | . . . 1 Combat Hostiles . | . . . . Parts Melted 3 | . . . 3 Heat Transferred 359 | . 100 . 259 Parts Sabotaged . | . . . . Parts Stolen . | . . . . Parts Stripped . | . . . . Power Chain Reactions 2 | . 2 . . Missiles Intercepted . | . . . . Alert | -11 -10 -10 -9 ------- Run | Scr Mat Min Mat Peak Influence 193 | . 190 193 183 Initial 73 | . . 73 25 Average 101 | . 109 94 103 Maximum Alert Level . | . . . . Low Security (%) 100 | 100 100 100 100 Level 1 . | . . . . Level 2 . | . . . . Level 3 . | . . . . Level 4 . | . . . . Level 5 . | . . . . High Security . | . . . . Max Security . | . . . . Squads Dispatched 2 | . 1 . 1 Investigation . | . . . . Extermination . | . . . . Reinforcement 2 | . 1 . 1 Assault . | . . . . Garrison . | . . . . Intercept . | . . . . Searches Triggered . | . . . . Construction Impeded . | . . . . Haulers Reinforced . | . . . . Active Scanning Responses . | . . . . Cargo Convoy Interrupts . | . . . . Stealth | -11 -10 -10 -9 --------- Run | Scr Mat Min Mat Distress Signals 3 | . . . 3 Communications Jammed . | . . . . Distress Signals . | . . . . Times Spotted 41 | . 16 9 16 Peak Tracking Total 6 | . 6 3 6 Tactical Retreats 2 | . . 1 1 Traps | -11 -10 -10 -9 ------- Run | Scr Mat Min Mat Traps Triggered . | . . . . Indirectly . | . . . . Trap Hack Attempts . | . . . . Triggered . | . . . . Disarmed . | . . . . Reprogrammed . | . . . . Reused . | . . . . Traps Extracted . | . . . . Installed . | . . . . Triggered . | . . . . Machines | -11 -10 -10 -9 ---------- Run | Scr Mat Min Mat Machines Disabled 3 | . 2 . 1 Max in Single Turn 2 | . 2 . 1 Machines Sabotaged . | . . . . Garrisons Compromised . | . . . . Overloaded Fab Kills . | . . . . Hacking | -11 -10 -10 -9 --------- Run | Scr Mat Min Mat Machines Accessed 4 | . 4 . . Terminals 4 | . 4 . . Fabricators . | . . . . Repair Stations . | . . . . Recycling Units . | . . . . Scanalyzers . | . . . . Garrison Access . | . . . . Total Hacks 5 | . 5 . . Successful 2 | . 2 . . Failed 3 | . 3 . . Catastrophic . | . . . . Database Lockouts . | . . . . Manual 5 | . 5 . . Terminals 5 | . 5 . . Fabricators . | . . . . Repair Stations . | . . . . Recycling Units . | . . . . Scanalyzers . | . . . . Garrison Access . | . . . . Terminal Hacks . | . . . . Fabricator Hacks . | . . . . Repair Station Hacks . | . . . . Recycling Unit Hacks . | . . . . Scanalyzer . | . . . . Garrison Access Hacks . | . . . . Unauthorized Hacks 2 | . 2 . . Terminals 2 | . 2 . . Botnet 2 | . 2 . . Fabricators . | . . . . Repair Stations . | . . . . Recycling Units . | . . . . Scanalyzers . | . . . . Garrison Access . | . . . . Data Cores Recovered . | . . . . Used . | . . . . Hacking Detections 3 | . 3 . . Full Trace Events . | . . . . Feedback Events . | . . . . Feedback Blocked . | . . . . Robot Schematics Acquired . | . . . . Robots Built . | . . . . Authchips . | . . . . Time . | . . . . Total Robot Build Rating . | . . . . Part Schematics Acquired . | . . . . Parts Built . | . . . . Authchips . | . . . . Time . | . . . . Total Part Build Rating . | . . . . Parts Repaired . | . . . . Time . | . . . . Parts Recycled . | . . . . Recycled Matter . | . . . . Retrieved Matter . | . . . . Retrieved Components . | . . . . Parts Scanalyzed . | . . . . Part Schematics Acquired . | . . . . Parts Damaged . | . . . . Bothacking | -11 -10 -10 -9 ------------ Run | Scr Mat Min Mat Used RIF Installer . | . . . . Robots Hacked . | . . . . Non-combat . | . . . . Combat . | . . . . Robot Hacks Applied . | . . . . Relay Couplers Released . | . . . . Fabnet Peak Effective % . | . . . . Robots Rewired . | . . . . Allies Hacked . | . . . . Hacks Repelled . | . . . . Allies | -11 -10 -10 -9 -------- Run | Scr Mat Min Mat Total Allies . | . . . . Largest Group . | . . . . Highest-Rated Group . | . . . . Highest-Rated Ally . | . . . . Total Orders . | . . . . Ally Attacks . | . . . . Total Damage . | . . . . Kills . | . . . . Allies Corrupted . | . . . . Allies Melted . | . . . . Intel | -11 -10 -10 -9 ------- Run | Scr Mat Min Mat Robot Analysis Total . | . . . . Derelict Logs Recovered 2 | . . 2 . Drone Launches . | . . . . Drone Recoveries . | . . . . Exploration | -11 -10 -10 -9 ------------- Run | Scr Mat Min Mat Turns Passed 2029 | 2 676 722 629 Spaces Moved 1336 | 2 470 537 327 Core . | . . . . Treads 249 | . . . 249 Legs 1087 | 2 470 537 78 Wheels . | . . . . Hover . | . . . . Flight . | . . . . Fastest Speed 120 | 120 120 120 120 Average Speed 127 | 120 120 120 150 Slowest Speed 160 | 120 120 120 160 Overloaded Moves . | . . . . Propulsion Burnouts . | . . . . Robots Hopped . | . . . . Cave-ins Triggered . | . . . . Exploration Rate (%) 54 | 2 86 96 35 Regions Visited 3 Branch Regions 1 Pre-discovered Areas . | . . . . Known Exits Taken . | . . . . Unknown Exits Taken 3 | 1 1 1 . Scrap Searched 1 | . . 1 . Spaces Dug . | . . . . Terrain Destroyed 5 | . 5 . . Melee . | . . . . Projectile . | . . . . AOE 5 | . 5 . . Terrain Rammed . | . . . . Walls Destroyed . | . . . . Machines Disabled . | . . . . Actions | -11 -10 -10 -9 --------- Run | Scr Mat Min Mat Total 1544 | 1 544 589 410 Wait 89 | . 21 29 39 Move 1333 | 1 469 536 327 Hop . | . . . . Pick Up 12 | . 9 . 3 Fast Attach 11 | . 6 1 4 Attach 6 | . 3 . 3 Detach 4 | . 2 . 2 Swap 5 | . 2 3 . Drop 18 | . 10 4 4 Fire 62 | . 22 13 27 Melee . | . . . . Ram . | . . . . Kick 3 | . . 3 . Crush 1 | . . . 1 Escape Stasis . | . . . . Rewire . | . . . . Trap . | . . . . Miscellaneous . | . . . . Route ------- -11/Scrapyard -10/Materials (discovered 3 exits: [*Mat x2] / [*Min]) -10/Mines (discovered 2 exits: [*Mat x2]) -9/Materials (discovered 2 exits: [*Mat] / [*Min]) History --------- Turn | Location | Event 1 | -11/Scrapyard | Discovered new exit (range 1) 3 | -11/Scrapyard | Entered Materials 313 | -10/Materials | Build established: Mutant 337 | -10/Materials | Discovered new exit (range 15) 510 | -10/Materials | Discovered new exit (range 9) 623 | -10/Materials | Discovered new exit (range 12) 679 | -10/Materials | Entered Mines 713 | -10/Mines | Learned Materials stockpile data 748 | -10/Mines | Learned 2 Materials zone layouts 761 | -10/Mines | YI-UF0 nonchalantly dropped a Grenade Launcher on the ground 1346 | -10/Mines | A weapon hastily lodged in a ceiling crevice suddenly fell to the ground 1367 | -10/Mines | Discovered new exit (range 9) 1383 | -10/Mines | Discovered new exit (range 16) 1401 | -10/Mines | Entered Materials 1401 | -9/Materials | Evolved 2 slots: Propulsion x1, Utility x1 1455 | -9/Materials | Discovered new exit (range 12) 1981 | -9/Materials | Discovered new exit (range 10) 2030 | -9/Materials | Self-destructed Last Messages --------------- 01875_ Y-45 Defender destroyed. 01878_ S-10 Pest destroyed. 01891_ R-06 Scavenger collects Heat Sink. 01893_ Acquired 38 matter. 01896_ R-06 Scavenger collects Lgt. Assault Rifle. 01899_ R-06 Scavenger collects Flight Unit. 01902_ R-06 Scavenger collects Lgt. Assault Rifle. 01906_ R-06 Scavenger collects Flight Unit. 01938_ A-02 Transporter suffers critical hit (Meltdown). 01938_ Ion Engine melted. 01938_ Weight Redist. System melted. 01938_ Transport Network Coupler melted. 01942_ Acquired 10 matter. 01981_ EXIT=FOUND 01989_ T-07 Excavator is excavating. 02029_ Acquired Prototype Engine. 02029_ Identified Hvy. Ion Engine. 02029_ Malfunction: Meltdown. 02029_ Lgt. Treads damaged (-34). 02029_ Sensor Array damaged (-3). Map ----- +----------------------------------------------------+ | ????????????# #?# + # """ #?? | | ??########### #?# ## + ### | | ??# # #?# ## #### # "" # | | ??# """ """ # #?# ## #??# # S"" # | | ??# """ """ # #?# ## ##?#!" "" # | | ??# """ """ + #######+## #?# #= # | | ??# """ """ # #?# ########## | | ??# """ """ # T #?# #????????# | | ??# #####+####### #?# #???????## | | ??# ## #####+##### ######### | | ??############ # + %% | | ?????????????# = # """ """ ####+###### | | ?????????????# # """ """ #? ???# | | ?????????????# """ # """ """ # """ #??# | | ?????????????# """"" # # "R" #??# | | ?????????????# """"" # !! # " " #??# | | ?????????????# """"" # ! # #??# | | ?????????????# """ # #/ #??# | | ?????????????# ##################??# | | ?????????????# #???????????????????# | | ?????????????#########???????????????????# | | ?????????????????????????????????????????# | | ???????????????###########???????????????# | | ???????????????# #???????????????# | | ???????????????# !! #???????????????# | | ???????????????# @ #???????????????# | | ???????????????# #??????????########+ | | ???????????????# """ """ #??????????# | | ???????????????# """ """ #??????????# """ """ | | ???????????????# """ """ #??????????# """ """ | | ???????????????# #??????????# """ """ | | ???????????????#####+#####??????????# | | ??????????????????+ #?############# | | ??????????????????# # ## | | ??????????????????# # """??# | | ??????????????????+ + *! """??######### | | ??????????????????# # !! """??# ! | | ??????????????????# # ## """ | | ??????????????????# #?############# """ | | ??????????????????# #??# ! # """ | | ??????????????????# #??# !%! + | | ??????????????????# #??# !! # """ | | ??????????????????# #??# ###+#### """ | | ??????????????????# #??# # ## """ | | ??????????????????# #??# # ## | | ??????????????##### #### # """ ########## | | ??????????????# # """ #???# | | ??????????????# < # """ #???#""" | | ??????????????# # #???#""" | | ??????????????##### ######## ##### % | +----------------------------------------------------+ Best States ------------- Heat Dissipation 39 Energy Generation 10 Energy Capacity 125 Matter Stores 300 Matter Capacity 300 Sight Range 16 Robot Scan Range 14 Terrain Scan Density 10 Evasion (%) 55 Recoil Reduction 3 Offensive Hacking 10 Item Schematics ----------------- None Robot Schematics ------------------ None Fabricated ------------ Nothing Alien Tech Used ----------------- None Achievements -------------- None Challenges ------------ None Game ------ Seed BiometalWeightGreatsword Manual? 0 Play Time 00:16:01 Cumulative 56.3 hours Start 2022.04.02 @ 13:29:34 End 2022.04.02 @ 13:44:41 Sessions 1 Manual Loads 0 Difficulty Rogue Special Mode None Game No. 87 Rogue 31 Adventurer 56 Explorer 0 Win Type - Total 4 Types 3/0/0/1/0/0/0/0/0 Lore% 46 Gallery% 53 Achievement% 54 Wizard Run 0 Options --------- ASCII 0 Keyboard 0 Movement Mouse Keybinds 0 Fullscreen 1 Font 20/SmallcapsGlow Map View 66x50 Tactical HUD 1 Map Filters NONE Filters NONE Steam 1 RUN: 07069421-c0bc-45f5-b9e7-e9416a4663a6